 Dungeon Crawl Stone Soup version 0.27.1-33-g824d729ab1 (webtiles) character file.

Game seed: 13596887419857109270

18 SensoryNuts the Ruffian (level 2, -3/23 HPs)
             Began as a Draconian Transmuter on Dec 6, 2021.
             Was a Follower of Wu Jian.
             Splashed by a jelly's acid (8 damage)
             ... on level 3 of the Dungeon.
             The game lasted 00:01:41 (869 turns).

SensoryNuts the Ruffian (Draconian Transmuter)       Turns: 869, Time: 00:01:42

Health: -3/23      AC:  4    Str: 12    XL:     2   Next: 51%
Magic:  4/5        EV: 12    Int: 13    God:    Wu Jian [*.....]
Gold:   47         SH:  0    Dex: 11    Spells: 4/5 levels left

rFire    . . .     SeeInvis .     - Unarmed
rCold    . . .     Faith    .   (no shield)
rNeg     . . .     Spirit   .   (armour unavailable)
rPois    .         Reflect  .   (helmet currently unavailable)
rElec    .         Harm     .   (no cloak)
rCorr    .         Rampage  .   (no gloves)
Will     .....                  (boots currently unavailable)
Stlth    +.........             (no amulet)
HPRegen  0.07/turn              (no ring)
MPRegen  0.09/turn              (no ring)

@: appendages (expiring)
A: horns 2, talons 2, AC +4, unfitting armour, cold-blooded
a: End Transformation, Renounce Religion


You were on level 3 of the Dungeon.
You worshipped Wu Jian.
Wu Jian was aware of your devotion.
You had temporarily grown beastly horns and talons.
You visited 1 branch of the dungeon, and saw 3 of its levels.

You collected 47 gold pieces.

Inventory:

Scrolls
 b - a scroll of brand weapon {unknown}
Potions
 a - a potion of invisibility {unknown}


   Skills:
 + Level 1.1 Fighting
 + Level 1.8 Dodging
 + Level 0.2 Stealth
 + Level 3.3 Unarmed Combat
 + Level 2.4 Spellcasting
 + Level 2.1 Transmutations


You had 4 spell levels left.
You knew the following spells:

 Your Spells              Type           Power      Damage    Failure   Level
a - Beastly Appendage     Tmut           14%        N/A       10%         1

Your spell library contained the following spells:

 Spells                   Type           Power      Damage    Failure   Level
 Wereblood                Tmut           7%         N/A       16%         2
 Spider Form              Tmut/Pois      2%         N/A       43%         3
 Ice Form                 Ice/Tmut       4%         N/A       83%         4


Dungeon Overview and Level Annotations

Branches:
Dungeon (2/15)

Altars:
Dithmenos
Hepliaklqana
Wu Jian


Innate Abilities, Weirdness & Mutations

You have temporarily grown beastly horns and talons.
Your plain brown scales are hard. (AC +4)
You cannot fit into any form of body armour.
You are cold-blooded and may be slowed by cold attacks.


Message History

A frilled lizard, a jelly and 4 orcs come into view.
The frilled lizard hisses angrily.
The orc wizard shouts!
The orc shouts!
The orc priest shouts!
The jelly quivers.
You hear a shout!
Found 7 gold pieces.
Found a shadowy altar of Dithmenos and a hazy altar of Hepliaklqana.
You grow a pair of large bovine horns.
Your feet morph into talons.
The orc priest hits you with a +0 short sword.
The orc wizard gestures at you while chanting.
The magic dart hits you.
You hit the orc priest. Your kick misses the orc priest.
The orc priest is lightly wounded.
The orc wizard casts a spell.
The orc wizard flickers and vanishes!
Deactivating autopickup; reactivate with Ctrl-A.
A hobgoblin comes into view.
The orc priest completely misses you.
You barely miss the orc priest.
The hobgoblin shouts!
Your kick misses the orc priest. You headbutt the orc priest.
Your tail-slap misses the orc priest.
The orc priest is lightly wounded.
Your transformation is almost over.
A goblin comes into view. It is wielding a +0 club.
The orc priest hits you with a +0 short sword.
The goblin moves out of view.
You barely miss the orc priest. You headbutt the orc priest.
The orc priest is moderately wounded.
The orc hits you but does no damage.
The orc priest hits you with a +0 short sword.
You completely miss the orc priest.
You tail-slap the orc priest, but do no damage.
The orc priest is moderately wounded.
The orc hits you with a +0 dagger.
* * * LOW HITPOINT WARNING * * *
The frilled lizard barely misses you. The jelly hits you.
* * * LOW HITPOINT WARNING * * *
You are splashed with acid!
You die...

............##
.8...⌠...8.._
............
..g8...8...
........
....o# #.oJ#
#.@o# ##l.#
#..# ##.# _#
##


You could see a jelly, an orc priest, 2 orcs, a hobgoblin and a frilled lizard.

Vanquished Creatures
  A dart slug (D:1)
  2 ball pythons (D:1)
  A bat (D:1)
  An endoplasm (D:1)
  2 giant cockroaches (D:1)
  2 goblins (D:1)
  3 hobgoblins (D:1)
  A kobold (D:1)
13 creatures vanquished.

Notes
Turn   | Place    | Note
-------+----------+-------------------------------------------
     0 | D:1      | SensoryNuts the Draconian Transmuter began the quest for
                  | the Orb.
     0 | D:1      | Reached XP level 1. HP: 16/16 MP: 3/3
   131 | D:1      | Found a faded altar of an unknown god.
   141 | D:1      | Became a worshipper of the Wu Jian Council
   141 | D:1      | Reached * piety under Wu Jian
   351 | D:1      | Reached XP level 2. HP: 23/23 MP: 3/5
   864 | D:2      | You fall into a shaft and drop 1 floor!
   864 | D:3      | Found a shadowy altar of Dithmenos.
   864 | D:3      | Found a hazy altar of Hepliaklqana.
   869 | D:3      | Splashed by a jelly's acid

Illustrated notes

Levels and vault maps discovered:
D:1:      dpeg_arrival_arbitrary_b, layout_basic,
          hellmonk_ecumenical_altar_run_dry
D:2:      layout_basic, minmay_misc_feat_rugged, minivault_11,
          kennysheep_generic_room_13
D:3:      layout_loops_ring, mainiacjoe_overflow_boulevard,
          minmay_overflow_temple_star_hex, nicolae_overflow_crystal_walls,
          jmf_multi_god_temple2, serial_shops, shop, fountainhead

Action                   || total
-------------------------++-------
Melee: Unarmed           ||    37
       Headbutt          ||     5
       Kick              ||     4
       Tailslap          ||     2
       Punch             ||     1
 Cast: Beastly Appendage ||    14
Invok: Lunge             ||     4
       Whirlwind         ||     8
 Stab: Sleeping          ||     1
Armor: Skin              ||     5
Dodge: Dodged            ||    27
